 Dungeon Crawl Stone Soup version 0.27-a0-1184-ge86db4a01e (webtiles) character file.

Game seed: 4046848944309443336

11885 Wyvernaa the Spear-Bearer (level 12, -1/91 HPs)
             Began as a Formicid Fighter on May 18, 2021.
             Was a High Priest of Okawaru.
             Succumbed to a centaur warrior's poison
             ... on level 9 of the Dungeon.
             The game lasted 00:57:55 (19370 turns).

Wyvernaa the Spear-Bearer (Formicid Fighter)       Turns: 19370, Time: 00:57:56

Health: -1/91      AC: 11    Str: 23    XL:     12   Next: 13%
Magic:  17/17      EV: 11    Int: 10    God:    Okawaru [*****.]
Gold:   658        SH: 13    Dex: 11    Spells: 11/11 levels left

rFire    + . .     SeeInvis +   i - +3 trident of Uki Miss {vorpal, Will+ rCorr Stlth+}
rCold    . . .     Faith    .   c - +2 kite shield
rNeg     . . .     Spirit   .   u - +2 scale mail {rF+}
rPois    +         Reflect  .   (helmet unavailable)
rElec    .         Harm     .   r - +0 cloak
rCorr    +         Rampage  .   (no gloves)
Will     ++...                  (no boots)
Stlth    +.........             f - amulet of the acrobat
HPRegen  0.25/turn              p - ring of poison resistance
MPRegen  0.15/turn              (no ring)

@: lethally poisoned (-1 -> -55), studying Polearms
A: permanent stasis, dig shafts and tunnels, antennae 3, four strong arms
a: Dig, Shaft Self, Renounce Religion, Heroism, Finesse


You were on level 9 of the Dungeon.
You worshipped Okawaru.
Okawaru was extremely pleased with you.
You visited 2 branches of the dungeon, and saw 10 of its levels.

You collected 772 gold pieces.
You spent 114 gold pieces at shops.

Inventory:

Hand Weapons
 a - a +1 trident of venom
 i - the +3 trident of Uki Miss (weapon) {vorpal, Will+ rCorr Stlth+}
   (You took it off a gnoll on level 5 of the Dungeon)

   It inflicts extra damage upon your enemies.
   It protects you from acid and corrosion.
   It increases your willpower.
   It makes you more stealthy.
 t - a +4 halberd
 v - the +9 hand crossbow of Bankruptcy {penet, rElec rCorr Int+4 Dex-4}
   (You took it off a vampire on level 9 of the Dungeon)

   Ammo fired by it passes through the targets it hits, potentially hitting all
   targets in its path until it reaches maximum range.
   It affects your intelligence (+4).
   It affects your dexterity (-4).
   It insulates you from electricity.
   It protects you from acid and corrosion.
Missiles
 s - 5 throwing nets
Armour
 c - a +2 kite shield (worn)
 g - a +0 chain mail
 r - a +0 cloak (worn)
 u - a +2 scale mail of fire resistance (worn)
Jewellery
 f - an amulet of the acrobat (around neck)
 p - a ring of poison resistance (left hand)
Wands
 b - a wand of flame (20)
 k - a wand of charming (10)
 l - a wand of polymorph (4)
 o - a wand of iceblast (12)
Scrolls
 d - a scroll of fog
 e - 2 scrolls of enchant weapon
 n - a scroll of enchant armour
 q - a scroll of immolation
Potions
 h - 3 potions of attraction
 j - 2 potions of flight


   Skills:
 + Level 7.1 Fighting
 * Level 14.6 Polearms
 + Level 8.7 Armour
 + Level 2.5 Dodging
 - Level 9.0 Shields
 * Level 7.7 Invocations
 + Level 1.5 Evocations


You had 11 spell levels left.
You didn't know any spells.
Your spell library contained the following spells:

 Spells                   Type           Power      Damage    Failure   Level
 Animate Skeleton         Necr           0%         N/A       63%         1
 Apportation              Tloc           0%         N/A       63%         1
 Beastly Appendage        Tmut           0%         N/A       63%         1
 Corona                   Hex            0%         N/A       63%         1
 Pain                     Necr           0%         1d4       63%         1
 Shock                    Conj/Air       0%         1d3       63%         1
 Sting                    Tmut/Pois      0%         1d3       63%         1
 Summon Small Mammal      Summ           0%         N/A       63%         1
 Poisonous Vapours        Pois/Air       0%         N/A       77%         2
 Static Discharge         Conj/Air       0%         N/A       77%         2
 Wereblood                Tmut           0%         N/A       77%         2
 Ignite Poison            Fire/Tmut/Pois 0%         N/A       94%         3
 Mephitic Cloud           Conj/Pois/Air  0%         N/A       94%         3
 Spider Form              Tmut/Pois      0%         N/A       94%         3
 Vampiric Draining        Necr           0%         2d6       94%         3
 Airstrike                Air            0%         N/A       100%        4
 Animate Dead             Necr           0%         N/A       100%        4
 Ice Form                 Ice/Tmut       0%         N/A       100%        4
 Olgreb's Toxic Radiance  Pois           0%         N/A       100%        4
 Agony                    Necr           0%         N/A       100%        5
 Hydra Form               Tmut           0%         N/A       100%        5
 Lightning Bolt           Conj/Air       0%         1d11      100%        5
 Swiftness                Air            Unusable   N/A       N/A         3

Dungeon Overview and Level Annotations

Branches:
Dungeon (9/15)             Temple (1/1) D:4            Lair (0/6) D:9
    Orc (0/2) D:9

Altars:
Ashenzari
Cheibriados
Dithmenos
Elyvilon
Fedhas
Gozag
Hepliaklqana
Kikubaaqudgha
Makhleb
Nemelex Xobeh
Okawaru
Qazlal
Ru
Sif Muna
Trog
Uskayaw
Vehumet
Wu Jian
Xom
Yredelemnul
Zin
The Shining One
Lugonu

Shops:
D:4 =   D:5 *

Annotations:
D:8 1 runed translucent door, kd29's ghost, novice DrTm


Innate Abilities, Weirdness & Mutations

You cannot be hasted, slowed, berserked, paralysed or teleported.
You can dig through walls and to a lower floor.
You have a pair of large antennae on your head. (SInv)
Your four strong arms can wield two-handed weapons with a shield.


Message History

The centaur warrior shoots an arrow.
The arrow barely misses you.
The wight throws a stone.
You block the stone.
There is an open door here.
Things that are here:
a +0 spear; a +0 robe
There is an open door here.
The centaur warrior shoots an arrow.
You block the arrow.
The centaur warrior shoots an arrow.
The arrow hits you!!
You are poisoned.
There is an open door, spattered with blood here.
You feel very sick.
The centaur warrior shoots an arrow.
The arrow completely misses you.
You feel very sick.
The centaur warrior shoots an arrow.
You block the arrow.
You feel sick.
The centaur warrior shoots an arrow.
The arrow hits you!!
You feel sick.
The troll shouts!
The centaur warrior shoots an arrow.
You block the arrow.
The centaur warrior shoots an arrow.
The arrow hits you!
* * * LOW HITPOINT WARNING * * *
You are more poisoned.
It was a potion of ambrosia.
You are confused.
You feel invigorated.
You feel very sick.
The centaur warrior shoots an arrow.
The arrow hits you!
* * * LOW HITPOINT WARNING * * *
It was a potion of heal wounds.
You feel much better.
You feel very sick.
The centaur warrior shoots an arrow.
The arrow closely misses you.
You are too confused!
You're too confused to move!
You feel very sick.
The centaur warrior shoots an arrow.
The arrow hits you!!
* * * LOW HITPOINT WARNING * * *
You are more poisoned.
Okay, then.
You bump into the stone wall.
You feel less invigorated.
You feel less confused.
You die...

##.###############...........##
........... ... ............c.#
###.####### #.#########.#####..#
.......##}.##.##..#.........#
...
.#####..#..#.#.#..#.#'###)#.# ##
##[..##.###.#.#.###{#.....#.# .#
#.....#.##.#.#.#.##.###'###.#..#
#.........#.#.#.#...'c....'....#
#.....#.##.#.#.#@##.###'###.#..#
##...##.###.#.#.###.#.....#.# .#
.#####..#..#.#.#..#.#'###'#.# #
.......##}.##.##..#... ...#
###.###### #.# #### ### ###.####
T . ..#....# . . ....#..# ..
.####.###..


You could see a centaur warrior and a troll.

Vanquished Creatures
  Harold (D:7)
  Erica (D:9)
  4 two-headed ogres
  A cyclops (D:9)
  Maurice (D:9)
  A manticore (D:7)
  An efreet (D:9)
  A kobold demonologist (D:9)
  A rime drake (shapeshifter) (D:9)
  A meliai (D:9)
  A hornet (D:9)
  A slime creature (D:9)
  A wraith (D:9)
  A vampire (D:9)
  2 wyverns (D:9)
  4 steam dragons
  An acid dragon (D:9)
  3 water moccasins
  A hornet zombie (D:8)
  5 orc warriors
  An ice beast (D:6)
  2 black bears
  2 sky beasts (D:5)
  2 necrophages
  3 ogres
  4 centaurs
  A kobold brigand (D:9)
  4 bullfrogs
  4 scorpions
  2 killer bees (D:9)
  8 wights
  4 howler monkeys
  An electric eel (D:7)
  4 orc priests
  2 centaur skeletons
  4 hounds
  5 jellies
  A gnoll shaman (D:7)
  4 iguanas
  6 orc wizards
  A killer bee zombie (D:9)
  2 howler monkey zombies
  8 adders
  A howler monkey skeleton (D:7)
  6 gnolls
  A white imp (D:6)
  An ufetubus (D:5)
  An adder skeleton (D:2)
  3 worms (D:2)
  3 dart slugs
  49 orcs
  6 endoplasms
  4 giant cockroaches
  4 goblins
  4 hobgoblins
  11 jackals
  A quokka (D:1)
  4 ball pythons
  2 bats
  2 frilled lizards
  12 kobolds
  A quokka skeleton (D:4)
  6 rats
230 creatures vanquished.

Vanquished Creatures (others)
  A howler monkey simulacrum (D:9)
  A quokka (D:9)
  16 plants
18 creatures vanquished.

Grand Total: 248 creatures vanquished

Notes
Turn   | Place    | Note
-------+----------+-------------------------------------------
     0 | D:1      | Wyvernaa the Formicid Fighter began the quest for the Orb.
     0 | D:1      | Reached XP level 1. HP: 18/18 MP: 1/1
   214 | D:1      | Reached XP level 2. HP: 11/24 MP: 2/2
   692 | D:1      | You fall into a shaft and drop 1 floor!
   940 | D:2      | Reached XP level 3. HP: 29/29 MP: 3/3
  2219 | D:2      | Reached XP level 4. HP: 17/35 MP: 4/4
  2391 | D:2      | Reached skill level 3 in Polearms
  3055 | D:3      | Noticed a necrophage
  3321 | D:3      | Reached XP level 5. HP: 41/41 MP: 5/5
  3576 | D:3      | Killed a necrophage
  3577 | D:3      | Reached skill level 4 in Polearms
  3577 | D:3      | Reached skill level 5 in Shields
  3768 | D:3      | Reached XP level 6. HP: 32/47 MP: 6/6
  5604 | D:4      | Found an ancient bone altar of Kikubaaqudgha.
  5702 | D:4      | Found Teongeo's Jewellery Emporium.
  5703 | D:4      | You fall into a shaft and drop 2 floors!
  5834 | D:5      | Entered Level 5 of the Dungeon
  5834 | D:5      | Found Hufu's General Store.
  5840 | D:5      | Bought a scroll of enchant armour for 90 gold pieces
  5840 | D:5      | Bought a scroll of identify for 24 gold pieces
  5845 | D:5      | Noticed a sky beast
  5845 | D:5      | Noticed a sky beast
  5850 | D:5      | You fall into a shaft and drop 1 floor!
  5998 | D:6      | Reached skill level 5 in Polearms
  5998 | D:6      | Reached XP level 7. HP: 42/52 MP: 7/7
  7014 | D:5      | Reached skill level 6 in Polearms
  8009 | D:4      | Found a staircase to the Ecumenical Temple.
  8022 | D:4      | Reached skill level 1 in Dodging
  8022 | D:4      | Reached XP level 8. HP: 60/60 MP: 8/8
  8028 | Temple   | Entered the Ecumenical Temple
  8192 | Temple   | Became a worshipper of Warmaster Okawaru
  8689 | D:5      | Identified the +3 trident of Uki Miss {vorpal, Will+ rCorr
                  | Stlth+}
  8726 | D:5      | Reached skill level 5 in Armour
  8845 | D:5      | Reached skill level 1 in Invocations
  8897 | D:5      | Noticed a two-headed ogre
  8907 | D:5      | Killed a two-headed ogre
  8907 | D:5      | Reached * piety under Okawaru
  8908 | D:5      | Reached skill level 7 in Polearms
  8908 | D:5      | Reached XP level 9. HP: 37/66 MP: 8/11
  9133 | D:5      | Found a sparkling altar of Nemelex Xobeh.
 10315 | D:6      | Found an ornate altar of the Wu Jian Council.
 10697 | D:6      | Reached skill level 8 in Polearms
 10833 | D:6      | Reached ** piety under Okawaru
 11000 | D:7      | Found a sacrificial altar of Ru.
 12182 | D:7      | Reached XP level 10. HP: 68/73 MP: 11/13
 12736 | D:7      | Noticed a manticore
 12749 | D:7      | Killed a manticore
 12750 | D:7      | Reached skill level 5 in Fighting
 13092 | D:7      | Reached skill level 9 in Polearms
 13579 | D:7      | Found a glowing golden altar of the Shining One.
 13701 | D:7      | Reached skill level 5 in Invocations
 13888 | D:7      | Noticed Harold
 13900 | D:7      | Killed Harold
 13900 | D:7      | Reached *** piety under Okawaru
 13901 | D:7      | Reached skill level 10 in Polearms
 14080 | D:8      | Noticed a two-headed ogre
 14096 | D:8      | Killed a two-headed ogre
 14097 | D:8      | Reached skill level 11 in Polearms
 14214 | D:8      | Reached XP level 11. HP: 45/81 MP: 15/15
 14224 | D:8      | Noticed a two-headed ogre
 14603 | D:8      | Reached skill level 1 in Evocations
 14619 | D:8      | Reached **** piety under Okawaru
 14870 | D:8      | Found a runed translucent door.
 14870 | D:8      | Noticed kd29's ghost (novice DrTm)
 14907 | D:8      | Found a broken altar of Ashenzari.
 15087 | D:8      | Found a shimmering blue altar of Sif Muna.
 15113 | D:8      | Reached skill level 12 in Polearms
 15284 | D:8      | Found an opulent altar of Gozag.
 15357 | D:8      | Found a snail-covered altar of Cheibriados.
 15420 | D:8      | Noticed a green ugly thing
 15420 | D:8      | Noticed a purple ugly thing
 15423 | D:8      | Found a corrupted altar of Lugonu.
 15423 | D:8      | Noticed a green ugly thing
 15564 | D:9      | Noticed Maurice
 15584 | D:9      | Killed Maurice
 16188 | D:9      | Found a staircase to the Lair.
 16595 | D:9      | Reached skill level 13 in Polearms
 16782 | D:9      | Noticed a two-headed ogre
 16790 | D:9      | Killed a two-headed ogre
 16813 | D:9      | Noticed Erica
 16827 | D:9      | Killed Erica
 17164 | D:9      | Noticed a cyclops
 17180 | D:9      | Killed a cyclops
 17889 | D:9      | Reached ***** piety under Okawaru
 18233 | D:9      | Reached skill level 14 in Polearms
 18237 | D:9      | Identified the +6 shortbow of Dissent {venom, rCorr}
 18237 | D:9      | Noticed a centaur warrior
 18331 | D:9      | Identified the +8 falchion "Nydyorhe" {flame, rPois Dex+2}
 18443 | D:9      | Reached XP level 12. HP: 49/91 MP: 17/17
 18872 | D:9      | Found a staircase to the Orcish Mines.
 18921 | D:9      | Identified the +9 hand crossbow of Bankruptcy {penet, rElec
                  | rCorr Int+4 Dex-4}
 19043 | D:9      | Found a white marble altar of Elyvilon.
 19190 | D:9      | Found a hazy altar of Hepliaklqana.
 19247 | D:9      | Noticed a two-headed ogre
 19283 | D:9      | Killed a two-headed ogre
 19370 | D:9      | Succumbed to a centaur warrior's poison

Illustrated notes

Levels and vault maps discovered:
D:1:      psy_arrival_basics, layout_basic, lemuel_another_geyser
D:2:      layout_loops_cross
D:3:      layout_basic
D:4:      layout_cave_pods, amcnicky_altar_gilded, minmay_temple_entry_mist,
          serial_shops, shop
D:5:      layout_rooms, nemelex_xobeh_ov_fountains_minmay, serial_shops, shop,
          minmay_between
D:6:      layout_basic, kennysheep_little_box, kennysheep_generic_room_4
D:7:      layout_rooms, kennysheep_mini, lemuel_coloured_pillars_altar,
          serial_bayou, serial_bayou_pond_e, serial_bayou_pond_e,
          serial_bayou_crossing, serial_bayou_pond_a, minmay_manual_mess,
          uniq_harold
D:8:      gammafunk_corrupted_shrine, layout_basic, led_sif_pool,
          evilmike_ruin_ashenzari, old_standard_altar, grunt_gozag_breadcrumbs,
          special_room [special_room_orc], nicolae_ossuary_entry_ruins,
          hellmonk_ghost_happy_afterlife, minmay_misc_feat_room
D:9:      minmay_the_grid_3x2 [minmay_the_grid_embedded, minmay_the_grid_empty,
          minmay_the_grid_aliased_spiral, minmay_the_grid_dragon_b,
          minmay_the_grid_doors, minmay_the_grid_prize_four_corners_diamond_b],
          layout_basic, elyvilon_altar_4, nicolae_hepliaklqana_hippocampus,
          wad_dig_loot, uniq_maurice, uniq_erica
Temple:   minmay_temple_curvy_loop

Skill      XL: |  1  2  3  4  5  6  7  8  9 10 11 |
---------------+----------------------------------+-----
Shields        | 4 5 6 7 8 9 |  9.0
Polearms       | 3 4 5 6 7 8 11 14 | 14.6
Armour         | 4 6 7 8 |  8.7
Fighting       | 4 5 7 |  7.1
Dodging        | 1 2 |  2.5
Invocations    | 2 4 5 7 |  7.7
Evocations     | 1 |  1.5

Action                   |  1- 3 |  4- 6 |  7- 9 | 10-12 || total
-------------------------+-------+-------+-------+-------++-------
Melee: Trident           |    98 |   174 |   214 |   513 ||   999
Invok: Heroism           |       |       |       |    14 ||    14
 Abil: Dig               |    10 |    23 |    19 |    22 ||    74
       Shaft Self        |       |     1 |       |       ||     1
Evoke: Wand              |       |       |       |    11 ||    11
  Use: Scroll            |       |     9 |     4 |     5 ||    18
       Potion            |       |       |     2 |     8 ||    10
 Stab: Distracted        |       |       |       |     4 ||     4
       Invisible         |       |       |       |     2 ||     2
Armor: Scale mail        |    37 |    24 |       |     1 ||    62
       Chain mail        |       |    18 |    41 |    67 ||   126
       Skin              |       |       |     3 |     1 ||     4
Dodge: Dodged            |    21 |    42 |    31 |    96 ||   190
Block: Kite shield       |    45 |    67 |   112 |   202 ||   426

Table legend: (Time is in decaauts)
 A = Elapsed time spent in this place.
 B = Non-inter-level travel time spent in this place.
 C = Inter-level travel time spent in this place.
 D = Time resting spent in this place.
 E = Time spent auto-exploring this place.
 F = Levels seen in this place.
 G = Mean time per level.
                   A        B        C        D        E       F      G
               +--------+--------+--------+--------+--------+-----+--------+
         Total |  19368 |  19206 |    162 |  10836 |   3726 |  10 | 1936.8 |
       Dungeon |  19185 |  19023 |    162 |  10836 |   3726 |   9 | 2131.7 |
        Temple |    182 |    182 |      0 |      0 |      0 |   1 |  182.0 |
               +--------+--------+--------+--------+--------+-----+--------+

Top non-repeatable levels by time:
     D:9: 3816 daAuts
     D:7: 3235 daAuts
     D:4: 2575 daAuts
     D:6: 1986 daAuts
     D:5: 1911 daAuts
     D:1: 1555 daAuts
     D:2: 1468 daAuts
     D:3: 1405 daAuts
     D:8: 1232 daAuts
  Temple: 182 daAuts
